 Dungeon Crawl Stone Soup version 0.18.1-8-gdd0e5ea (webtiles) character file.

28 mindo the Chiller (level 2, -1/17 HPs)
             Began as a High Elf Ice Elementalist on May 24, 2016.
             Slain by a kobold
             ... wielding a +0 dagger
              (4 damage)
             ... on level 2 of the Dungeon.
             The game lasted 00:05:43 (1207 turns).

mindo the Chiller (High Elf Ice Elementalist)       Turns: 1207, Time: 00:05:43

Health: -1/17      AC:  3    Str: 11    XL:     2   Next: 96%
Magic:  6/7        EV: 12    Int: 18    God:
Gold:   70         SH:  3    Dex: 15    Spells: 1 memorised, 6 levels left

rFire  . . .     SeeInvis .     n - +0 short sword
rCold  . . .     Gourm    .     a - +0 robe
rNeg   . . .     Faith    .     o - +0 buckler
rPois  .         Spirit   .     (no helmet)
rElec  .         Dismiss  .     e - +0 cloak
rCorr  .         Reflect  .     (no gloves)
SustAt .         Harm     .     (no boots)
MR     .....                    g - amulet of rage
Stlth  ++........               (no ring)
                                i - +4 ring of strength

@: not resistant to hostile enchantments, unstealthy
A: no striking features
a: Evoke Berserk Rage


You were on level 2 of the Dungeon.
You were hungry.

You visited 1 branch of the dungeon, and saw 2 of its levels.

You collected 70 gold pieces.

Inventory:

Hand Weapons
 d - a +0 whip
 m - a +1 whip of pain
 n - a +0 short sword (weapon)
Armour
 a - a +0 robe (worn)
 e - a +0 cloak (worn)
 o - a +0 buckler (worn)
Jewellery
 g - an amulet of rage (around neck)
 i - a +4 ring of strength (left hand)
Scrolls
 j - a scroll of remove curse {unknown}
 l - a scroll of enchant armour {unknown}
 p - 2 scrolls of identify {unknown}
Potions
 f - a potion of flight {unknown}
 h - 2 potions of lignification {unknown}
 k - 2 potions of curing {unknown}
Books
 b - a book of Frost

   Spells                             Type                      Level
   a - Freeze                         Ice                          1
   b - Throw Frost                    Conjuration/Ice              2
   c - Ozocubu's Armour               Charms/Ice                   3
   d - Throw Icicle                   Conjuration/Ice              4
   e - Summon Ice Beast               Ice/Summoning                4
Comestibles
 c - a bread ration


   Skills:
 + Level 2.4 Dodging
 + Level 2.4 Stealth
 + Level 3.1 Spellcasting
   Level 1.1 Conjurations
 + Level 3.5 Ice Magic


You had 6 spell levels left.
You knew the following spells:

 Your Spells              Type           Power        Failure   Level  Hunger
a - Freeze                Ice            ###.         10%         1    None


Dungeon Overview and Level Annotations

Branches:
Dungeon (2/15)

Altars:

Annotations:
D:2 Robin


Message History

The rat barely misses you. The rat bites you.
A quokka comes into view.
The quokka moves out of view.
The kobold hits you with a dagger.
The quokka bites you but does no damage.
The quokka bites you.
You completely miss the quokka. The quokka bites you.
* * * LOW HITPOINT WARNING * * *
The kobold closely misses you.
Casting: Freeze
Confirm with . or Enter, or press ? or * to list all spells.
Aiming: Freeze
Press: ? - help, Shift-Dir - straight line, f - kobold
Aim: a kobold, wielding a dagger You freeze the kobold.
The kobold is moderately wounded.
You block the rat's attack. The quokka barely misses you.
The kobold hits you with a dagger.
You die...

?#.......# ... # ##.........#
........<# ##...## #..........#
#........###.....#.##........#..
#.!...................##..#####.
#.......#...#...##...........<.
#............... #.........####
###.#.......g####..#.........#
............g..r##...........#
#........#...gK@##..).......#
#......#######gr............#
#....g.# #..............#
#......# #...............#
##......# #.....>.........#
....(..g## #......(........#
##.....g.# #...............
#.....g...# #.........
#......#..g#


You could see a quokka, a hobgoblin, 3 goblins, a kobold and a rat.

Vanquished Creatures
  3 hobgoblins (D:1)
  6 jackals (D:1)
  5 kobolds (D:1)
  A giant newt (D:1)
  6 goblins
  2 rats
23 creatures vanquished.

Notes
Turn   | Place    | Note
--------------------------------------------------------------
     0 | D:1      | mindo the High Elf Ice Elementalist began the quest for the Orb.
     0 | D:1      | Reached XP level 1. HP: 11/11 MP: 4/4
   263 | D:1      | Reached XP level 2. HP: 17/17 MP: 4/6
  1188 | D:2      | Noticed Robin
  1207 | D:2      | Slain by a kobold

Skill      XL: |  1  2 |
---------------+-------+-----
Spellcasting   | 3 |  3.1
Dodging        | |  2.4
Stealth        | |  2.4
Conjurations   | |  1.1
Ice Magic      | |  3.5

Action                   || total
-------------------------++-------
Melee: Short sword       ||     9
       Whip              ||     8
 Cast: Freeze            ||    32
 Stab: Sleeping          ||     1
Armor: Robe              ||    11
Dodge: Dodged            ||    38
Block: Buckler           ||     2
